 Dungeon Crawl Stone Soup version 0.19.1 (webtiles) character file.

547 ImaNewbie the Chopper (level 7, -1/52 HPs)
             Began as a Formicid Fighter on Dec 17, 2016.
             Slain by BoredOne's ghost (7 damage)
             ... in an ossuary.
             The game lasted 00:12:29 (4056 turns).

ImaNewbie the Chopper (Formicid Fighter)            Turns: 4056, Time: 00:12:30

Health: -1/52      AC:  8    Str: 28    XL:     7   Next: 53%
Magic:  7/7        EV:  8    Int: 11    God:
Gold:   183        SH: 11    Dex: 10    Spells: 0 memorised, 6 levels left

rFire  . . .     SeeInvis +     a - +0 war axe
rCold  . . .     Gourm    .     b - +0 scale mail
rNeg   . . .     Faith    .     c - +1 shield
rPois  .         Spirit   .     (helmet unavailable)
rElec  .         Reflect  .     (no cloak)
rCorr  +         Harm     .     (no gloves)
MR     .....                    (no boots)
Stlth  ..........               (no amulet)
                                u - +4 ring of intelligence
                                e - ring of resist corrosion

@: mighty
A: permanent stasis, dig shafts and tunnels, four strong arms, antennae 3,
iridescent scales 1
a: Dig, Shaft Self


You were in an ossuary.
You were not hungry.

You visited 1 branch of the dungeon, and saw 4 of its levels.
You also visited: Ossuary.

You collected 183 gold pieces.

Inventory:

Hand Weapons
 a - a +0 war axe (weapon)
Missiles
 j - a throwing net (quivered)
 p - 4 needles of frenzy
Armour
 b - a +0 scale mail (worn)
 c - a +1 shield (worn)
Rods
 m - a -2 iron rod (8/10)
   (You found it on level 2 of the Dungeon)
Jewellery
 e - a ring of resist corrosion (left hand)
 u - a +4 ring of intelligence (right hand)
Scrolls
 r - 2 scrolls of identify
Potions
 d - a potion of might
 k - a potion of agility {unknown}
Comestibles
 f - 3 bread rations
 g - 7 chunks of flesh
 h - a beef jerky
 l - a slice of pizza


   Skills:
 - Level 3.2 Fighting
 + Level 7.8 Axes
 - Level 3.2 Armour
 - Level 3.6 Shields


You had 6 spell levels left.
You didn't know any spells.

Dungeon Overview and Level Annotations

Branches:
Dungeon (4/15)             Temple (0/1) D:4

Altars:
Ashenzari
Cheibriados
Elyvilon
Fedhas
Ru
Trog
Xom

Annotations:
D:3 lupus83's ghost, amateur GrBe Ossuary BoredOne's ghost, amateur HOFi


Innate Abilities, Weirdness & Mutations

You are under a permanent stasis effect.
You can dig through walls and to a lower floor.
Your four strong arms can wield two-handed weapons with a shield.
You have a pair of large antennae on your head. (SInv)
You are partially covered in iridescent scales. (AC +2)


Message History

The big kobold zombie hits you but does no damage.
You hit BoredOne's ghost.
BoredOne's ghost is almost destroyed.
You slash the human zombie!
You destroy the human zombie!
You slash the big kobold zombie!
Your shield prevents you from hitting the human zombie.
You barely miss the elf zombie. The elf zombie hits you.
* * * LOW HITPOINT WARNING * * *
The human zombie closely misses you. You block BoredOne's ghost's attack.
The big kobold zombie barely misses you.
You hit BoredOne's ghost but do no damage.
BoredOne's ghost is almost destroyed.
You slash the elf zombie! You closely miss the human zombie.
You slash the big kobold zombie!
You destroy the big kobold zombie!
You slash the orc zombie!
You destroy the orc zombie!
BoredOne's ghost hits you!
You die...

.......∩ZZ......
........@.......
.......W........
................
................
...............#
...............#
................
...............


You could see BoredOne's ghost, a hobgoblin zombie, an elf zombie and a human
zombie.

Vanquished Creatures
  A hornet zombie (D:4)
  An ogre (D:4)
  Blork the orc (D:4)
  A human zombie (Ossuary)
  A bullfrog skeleton (D:4)
  A worker ant (D:4)
  A big kobold zombie (Ossuary)
  5 gnolls
  3 adders
  2 oozes
  An adder zombie (Ossuary)
  4 worms
  3 dart slugs
  4 leopard geckos
  2 orcs
  A ball python (D:2)
  6 bats
  3 giant cockroaches
  12 hobgoblins
  11 jackals
  7 kobolds
  2 quokkas
  A frilled lizard (D:1)
  2 gnoll zombies (Ossuary)
  8 goblins
  2 jackal zombies (Ossuary)
  A kobold zombie (Ossuary)
  An orc zombie (Ossuary)
  A quokka skeleton (D:4)
  5 rats
94 creatures vanquished.

Notes
Turn   | Place    | Note
-------+----------+-------------------------------------------
     0 | D:1      | ImaNewbie the Formicid Fighter began the quest for the Orb.
     0 | D:1      | Reached XP level 1. HP: 18/18 MP: 1/1
   120 | D:1      | Reached XP level 2. HP: 4/24 MP: 2/2
   623 | D:1      | Reached skill level 3 in Axes
   727 | D:1      | Reached XP level 3. HP: 10/29 MP: 3/3
  1557 | D:2      | Reached skill level 4 in Axes
  1557 | D:2      | Reached XP level 4. HP: 29/35 MP: 4/4
  2246 | D:2      | Found a blossoming altar of Fedhas.
  2507 | D:2      | Reached XP level 5. HP: 41/41 MP: 5/5
  2787 | D:3      | Reached skill level 5 in Axes
  2881 | D:3      | Noticed lupus83's ghost (amateur GrBe)
  2965 | D:2      | Found a shattered altar of Ashenzari.
  2967 | D:2      | Found a shimmering altar of Xom.
  3235 | D:3      | Found a white marble altar of Elyvilon.
  3236 | D:3      | Found a bloodstained altar of Trog.
  3239 | D:3      | Found a sacrificial altar of Ru.
  3399 | D:4      | Gained mutation: You are partially covered in iridescent scales. (AC +2) [potion of beneficial mutation]
  3547 | D:4      | Found a snail-covered altar of Cheibriados.
  3618 | D:4      | Noticed Blork the orc
  3624 | D:4      | Killed Blork the orc
  3624 | D:4      | Reached skill level 6 in Axes
  3624 | D:4      | Reached XP level 6. HP: 40/47 MP: 6/6
  3845 | D:4      | Noticed an ogre
  3913 | D:4      | Killed an ogre
  3913 | D:4      | Reached skill level 7 in Axes
  3913 | D:4      | Reached XP level 7. HP: 32/52 MP: 7/7
  4032 | D:4      | Found a staircase to the Ecumenical Temple.
  4034 | D:4      | Found a sand-covered staircase.
  4040 | Ossuary  | Entered an ossuary
  4040 | Ossuary  | Noticed BoredOne's ghost (amateur HOFi)
  4056 | Ossuary  | Slain by BoredOne's ghost

Skill      XL: |  1  2  3  4  5  6 |
---------------+-------------------+-----
Axes           | 3 4 6 7 |  7.8
Fighting       | |  3.2
Armour         | |  3.2
Shields        | |  3.6

Action                   |  1- 3 |  4- 6 |  7- 9 || total
-------------------------+-------+-------+-------++-------
Melee: War axe           |    99 |   157 |    37 ||   293
 Abil: Dig               |       |     1 |       ||     1
Evoke: Rod               |       |     1 |       ||     1
  Use: Potion            |       |     3 |     2 ||     5
       Scroll            |       |     6 |       ||     6
  Eat: Chunk             |     2 |     8 |     1 ||    11
Armor: Scale mail        |    63 |    55 |    21 ||   139
       Skin              |       |     2 |       ||     2
Dodge: Dodged            |    35 |    49 |    18 ||   102
Block: Shield            |    62 |   101 |    35 ||   198
